[Event "Titled Tuesday Blitz April 11 Early 2023"]
[White "Novikov, Evgenij"]
[Black "Hoffmann, Asa"]
[WhiteFideId "4125380"]
[BlackFideId "2001470"]
[WhiteElo "2242"]
[BlackElo "2117"]
[Result "1-0"]
[Round "04"]
[TimeControl "180+2"]
[Date "2023.04.11"]
[WhiteClock "0:00:17"]
[BlackClock "0:00:33"]

1. e4 d6 2. Nc3 c6 3. f4 Nf6 4. Nf3 Bg4 5. h3 Bxf3 6. Qxf3 e6 7. d4 Qb6 8. Bd2 Qxd4 9. O-O-O Qb6 10. g4 Be7 11. g5 Nfd7 12. h4 d5 13. f5 d4 14. fxe6 fxe6 15. Bh3 dxc3 16. Bxc3 Rf8 17. Qh5+ Kd8 18. Bxe6 c5 19. Qg4 Qc6 20. Bxg7 Re8 21. Be5 Bf8 22. Bxd7 Nxd7 23. Rxd7+ Qxd7 24. Rd1 Qxd1+ 25. Qxd1+ Kc8 26. Qg4+ Kd8 27. Qf5 Rc8 28. Bf6+ Be7 29. Qe5 Rc6 30. Qb8+ Kd7 31. Qxb7+ Rc7 32. Qd5+ Bd6 33. e5 Rc6 34. exd6 Rxd6 35. Qf7+ 1-0


[Site "https://www.chess.com"]

[Event "Titled Tuesday Blitz April 11 Early 2023"]
[White "Matveeva, Olga"]
[Black "Dushyant Sharma"]
[WhiteFideId "24107018"]
[BlackFideId "25065130"]
[WhiteElo "2056"]
[BlackElo "2198"]
[Result "0-1"]
[Round "04"]
[TimeControl "180+2"]
[Date "2023.04.11"]
[WhiteClock "0:00:10"]
[BlackClock "0:01:13"]

1. d4 d5 2. c4 e6 3. Nf3 Nf6 4. g3 Be7 5. Bg2 O-O 6. O-O dxc4 7. Qc2 c5 8. dxc5 Nc6 9. Qxc4 e5 10. Nc3 Be6 11. Qa4 Bxc5 12. Rd1 Qb6 13. e3 Rad8 14. Bd2 Bg4 15. h3 Bh5 16. g4 Bg6 17. Qb5 Qxb5 18. Nxb5 Bd3 19. a4 Be2 20. Rdc1 Bb6 21. Bc3 Rfe8 22. Re1 Bd3 23. Nd2 Nd5 24. Bxd5 Rxd5 25. e4 Rd7 26. b3 Red8 27. Nc4 Bxc4 28. bxc4 a6 29. a5 Bc5 30. Na3 Rd3 31. Bb2 Rxh3 32. Kg2 Rb3 33. Rab1 Bxa3 34. Bxa3 Rxa3 35. Rxb7 Nxa5 36. Ra7 Nxc4 0-1


[Site "https://www.chess.com"]

[Event "Titled Tuesday Blitz April 11 Early 2023"]
[White "Bogaudinov, Rushan"]
[Black "Goffredo_Fofi"]
[WhiteFideId "4129288"]
[WhiteElo "1967"]
[BlackElo "2507"]
[Result "0-1"]
[Round "04"]
[TimeControl "180+2"]
[Date "2023.04.11"]
[WhiteClock "0:00:16"]
[BlackClock "0:00:15"]

1. a3 d5 2. Nf3 Nf6 3. d4 Bf5 4. c4 e6 5. Nc3 c6 6. Bf4 Nbd7 7. e3 Be7 8. c5 h6 9. Bd3 Bxd3 10. Qxd3 Nh5 11. O-O Nxf4 12. exf4 O-O 13. b4 Qc7 14. g3 b6 15. Rfe1 Rfb8 16. f5 Nf8 17. Ne5 Bf6 18. f4 bxc5 19. bxc5 exf5 20. Qxf5 Ne6 21. Rad1 Rb3 22. Nb1 Re8 23. Rd3 Rxd3 24. Qxd3 Rb8 25. Nd2 a5 26. Ndf3 a4 27. Qa6 Bxe5 28. dxe5 Rb3 29. Kf2 Nxc5 30. Qa8+ Kh7 31. Kg2 Rb2+ 32. Kh3 Qd7+ 33. g4 Ne4 34. f5 Nf2+ 35. Kg3 Nd3 36. Re3 Nc5 37. Qa5 d4 38. Qxc5 dxe3 39. Qxe3 Rb3 40. Qf4 Qd5 41. h4 Rxa3 42. g5 hxg5 43. hxg5 Kg8 44. g6 Qxf3+ 45. Qxf3 Rxf3+ 46. Kxf3 a3 47. e6 fxe6 48. fxe6 Kf8 49. Ke4 a2 50. Ke5 Ke7 0-1


[Site "https://www.chess.com"]

[Event "Titled Tuesday Blitz April 11 Early 2023"]
[White "Van Foreest, Machteld"]
[Black "Turzo, Attila"]
[WhiteFideId "1051563"]
[BlackFideId "704954"]
[WhiteElo "2018"]
[BlackElo "2502"]
[Result "1-0"]
[Round "04"]
[TimeControl "180+2"]
[Date "2023.04.11"]
[WhiteClock "0:00:08"]
[BlackClock "0:00:03"]

1. e4 c5 2. Nf3 Nc6 3. d4 cxd4 4. Nxd4 g6 5. c4 Bg7 6. Be3 Nf6 7. Nc3 d6 8. Be2 O-O 9. O-O Bd7 10. Rc1 Nxd4 11. Bxd4 Bc6 12. f3 a5 13. Qd2 Nd7 14. Rfd1 Bxd4+ 15. Qxd4 Qb6 16. Qxb6 Nxb6 17. Kf2 f5 18. Ke3 fxe4 19. fxe4 Bd7 20. Nd5 Nxd5+ 21. cxd5 Rac8 22. Bf3 Kg7 23. Kd4 Kf6 24. Rf1 Kg5 25. Ke3 b6 26. g3 Rc5 27. h4+ Kh6 28. g4 g5 29. hxg5+ Kxg5 30. Rxc5 bxc5 31. Rh1 h6 32. Rh5+ Kg6 33. Rh2 Rb8 34. Rd2 Rb4 35. Be2 Kg5 36. Bf3 Bxg4 37. Bxg4 Kxg4 38. Rf2 h5 39. b3 h4 40. Rf7 Rb7 41. e5 dxe5 42. d6 Rb8 43. dxe7 Re8 44. Ke4 h3 45. Rg7+ Kh4 46. Kxe5 h2 47. Rh7+ Kg3 48. Kd6 Kg2 49. Rg7+ Kf2 50. Rf7+ Kg2 51. Rg7+ Kf2 52. Rh7 Kg2 53. Kd7 Ra8 54. Rxh2+ Kxh2 55. e8=Q Rxe8 56. Kxe8 1-0


[Site "https://www.chess.com"]

[Event "Titled Tuesday Blitz April 11 Early 2023"]
[White "Mammadzada, Gunay"]
[Black "Fuzesabonyilaci"]
[WhiteFideId "13403729"]
[WhiteElo "2396"]
[BlackElo "2334"]
[Result "1-0"]
[Round "04"]
[TimeControl "180+2"]
[Date "2023.04.11"]
[WhiteClock "0:00:26"]
[BlackClock "0:00:21"]

1. e4 c6 2. d4 d5 3. Nc3 dxe4 4. Nxe4 Nf6 5. Nxf6+ exf6 6. c3 Bd6 7. Bd3 O-O 8. Qc2 g6 9. Ne2 Nd7 10. Bh6 Re8 11. h4 Bf8 12. h5 Bxh6 13. hxg6 Bg7 14. gxf7+ Kxf7 15. Bc4+ Re6 16. Bxe6+ Kxe6 17. Qb3+ Kd6 18. Rxh7 Bf8 19. c4 Qe8 20. Qg3+ Ke6 21. Qe3+ Ne5 22. dxe5 Bb4+ 23. Kf1 fxe5 24. Nf4+ Kf5 25. Nd3 Bd6 26. Qh3+ Ke4 27. Rh4+ 1-0


[Site "https://www.chess.com"]

[Event "Titled Tuesday Blitz April 11 Early 2023"]
[White "Rodriguez Santiago, Jaime"]
[Black "Ginzburg, Yakov"]
[WhiteFideId "3100898"]
[BlackFideId "4157176"]
[WhiteElo "2025"]
[BlackElo "2305"]
[Result "0-1"]
[Round "04"]
[TimeControl "180+2"]
[Date "2023.04.11"]
[WhiteClock "0:00:28"]
[BlackClock "0:01:01"]

1. c4 c6 2. Nc3 d5 3. d4 Nf6 4. cxd5 cxd5 5. Bf4 Bf5 6. e3 Nc6 7. Qb3 Qd7 8. Bb5 a6 9. Bxc6 Qxc6 10. Nf3 b5 11. O-O Qc4 12. Ne5 Qxb3 13. axb3 b4 14. Nb5 Rc8 15. Rxa6 Ne4 16. Rfa1 f6 17. Nd3 g5 18. Bc7 Nc3 19. bxc3 Bxd3 20. Ra8 Rxa8 21. Rxa8+ Kd7 22. Rd8+ Kc6 23. c4 dxc4 24. bxc4 Bxc4 25. d5+ Kxb5 26. Rb8+ Kc5 27. d6 exd6 28. Bd8 Bg7 0-1


[Site "https://www.chess.com"]

[Event "Titled Tuesday Blitz April 11 Early 2023"]
[White "Namitbir Singh Walia"]
[Black "Dwilewicz, Katarzyna"]
[WhiteFideId "35071068"]
[BlackFideId "1148486"]
[WhiteElo "2239"]
[BlackElo "2065"]
[Result "1/2-1/2"]
[Round "04"]
[TimeControl "180+2"]
[Date "2023.04.11"]
[WhiteClock "0:00:08"]
[BlackClock "0:00:05"]

1. e4 c5 2. Nf3 d6 3. d4 cxd4 4. Nxd4 Nf6 5. f3 e5 6. Nb3 a5 7. Bb5+ Bd7 8. a4 Be7 9. Be3 O-O 10. Nc3 Be6 11. Nd5 Nxd5 12. exd5 Bf5 13. Bd3 Bxd3 14. Qxd3 f5 15. Qb5 Bh4+ 16. g3 Bg5 17. Bb6 Qc8 18. c3 f4 19. h4 Be7 20. g4 e4 21. Nd4 exf3 22. Ne6 Nd7 23. Bd4 Rf7 24. O-O-O Ne5 25. Bxe5 dxe5 26. Qd3 Qd7 27. b3 Rc8 28. Qxf3 Bb4 29. c4 b5 30. axb5 Qxb5 31. Kb1 Qb7 32. Qd3 a4 33. Ng5 g6 34. Nxf7 Kxf7 35. h5 Kg7 36. hxg6 h6 37. g5 axb3 38. gxh6+ Kg8 39. h7+ Kg7 40. h8=Q+ Rxh8 41. Rxh8 Kxh8 42. Qh3+ Kg8 43. Rh1 Qg7 44. Qh7+ Qxh7 45. gxh7+ Kh8 46. Kb2 e4 47. Kxb3 Bc5 48. Kc3 f3 49. Kd2 e3+ 50. Ke1 e2 51. Kd2 Bb4+ 52. Ke3 e1=Q+ 53. Rxe1 Bxe1 54. c5 Bb4 55. c6 Bd6 56. Kxf3 Kxh7 57. Kg4 Kg6 58. Kf3 Kf6 59. Ke4 Ke7 60. Kd4 Kd8 61. Kc4 Kc7 62. Kb5 Be5 63. Kc4 Bd6 64. Kb5 Be5 65. Ka6 Bd6 1/2-1/2


[Site "https://www.chess.com"]

[Event "Titled Tuesday Blitz April 11 Early 2023"]
[White "Ward, Ieuan C"]
[Black "Shapiro, Viktor"]
[WhiteFideId "406627"]
[BlackFideId "4175700"]
[WhiteElo "2325"]
[BlackElo "2152"]
[Result "0-1"]
[Round "04"]
[TimeControl "180+2"]
[Date "2023.04.11"]
[WhiteClock "0:00:13"]
[BlackClock "0:00:10"]

1. d4 Nf6 2. c4 c5 3. d5 e6 4. Nc3 exd5 5. cxd5 d6 6. e4 g6 7. Nf3 Bg7 8. h3 O-O 9. Bd3 Re8 10. O-O a6 11. a4 Nbd7 12. Re1 Rb8 13. Bf4 Qc7 14. Qc2 Nh5 15. Bh2 c4 16. Bf1 b5 17. axb5 axb5 18. Ne2 Nc5 19. Ned4 Bd7 20. g4 Nf6 21. e5 Nxd5 22. exd6 Qb6 23. Rad1 Nb4 24. Qb1 Nbd3 25. Rxe8+ Rxe8 26. b3 Nxf2 27. Kxf2 Ne4+ 28. Kg2 Nc3 29. Qc2 Nxd1 30. Qxd1 c3 31. b4 Re4 32. Nc2 Qb7 33. Bd3 Re8 34. Kf1 Bc6 35. Nfe1 Be5 36. Bxe5 Rxe5 37. Nd4 Bd7 38. Ndf3 Re6 39. Qc2 Rxd6 40. Qxc3 h6 41. Qd2 Be6 42. Qxh6 Rxd3 43. Nxd3 Qxf3+ 44. Nf2 Bc4+ 45. Kg1 Qg3+ 46. Kh1 Bd5+ 47. Ne4 Bxe4# 0-1


[Site "https://www.chess.com"]

[Event "Titled Tuesday Blitz April 11 Early 2023"]
[White "Nguyen, Hong Anh"]
[Black "Havas, Ladislav"]
[WhiteFideId "12406732"]
[BlackFideId "14501090"]
[WhiteElo "2054"]
[BlackElo "2202"]
[Result "1-0"]
[Round "04"]
[TimeControl "180+2"]
[Date "2023.04.11"]
[WhiteClock "0:00:23"]
[BlackClock "0:00:19"]

1. d4 Nf6 2. c4 e5 3. dxe5 Ne4 4. Nf3 d6 5. exd6 Bxd6 6. e3 Nc6 7. Be2 Bf5 8. O-O Qf6 9. Nbd2 O-O-O 10. Qa4 Nc5 11. Qa3 Nd3 12. Qa4 Nxb2 13. Qb3 Nd3 14. Rb1 Nc5 15. Qa3 Bxb1 16. Nxb1 g5 17. Bb2 Qh6 18. Bxh8 Rxh8 19. Qb2 Rd8 20. h3 f5 21. Nd4 g4 22. Nxf5 Qg5 23. Nxd6+ Rxd6 24. Bxg4+ Kb8 25. Nd2 h5 26. Bf3 Ne5 27. Be2 b6 28. Nf3 Nxf3+ 29. Bxf3 Rd8 30. Rd1 h4 31. Rxd8+ Qxd8 32. Qe5 a5 33. Bd5 Ka7 34. Qf5 a4 35. Qg6 a3 36. Qc6 Qb8 37. e4 Qd8 38. e5 Ka6 39. e6 Ka7 40. e7 1-0


[Site "https://www.chess.com"]

[Event "Titled Tuesday Blitz April 11 Early 2023"]
[White "Mikayel99"]
[Black "Lorenzo De La Riva, Lazaro"]
[BlackFideId "2268809"]
[WhiteElo "2324"]
[BlackElo "2294"]
[Result "0-1"]
[Round "04"]
[TimeControl "180+2"]
[Date "2023.04.11"]
[WhiteClock "0:00:01"]
[BlackClock "0:00:16"]

1. e4 c6 2. d4 d5 3. e5 Bf5 4. Nf3 e6 5. Be2 Nd7 6. c3 h6 7. O-O Ne7 8. a4 a5 9. Na3 Bh7 10. Bd3 Bxd3 11. Qxd3 Ng6 12. Ne1 Bxa3 13. Rxa3 Qb6 14. Nc2 c5 15. Be3 c4 16. Qd2 Qxb2 17. f4 Ne7 18. Raa1 Qb6 19. g4 g6 20. Na3 h5 21. h3 hxg4 22. hxg4 Nc8 23. Nb5 Qd8 24. Qg2 Nf8 25. Kf2 Kd7 26. Rh1 Rxh1 27. Rxh1 Qe7 28. f5 gxf5 29. gxf5 Nb6 30. f6 Qd8 31. Qg7 Kc6 32. Qxf7 Qd7 33. Qxd7+ Nfxd7 34. Ra1 Nxa4 35. Nd6 Nxc3 36. f7 Ne4+ 37. Nxe4 dxe4 38. Rg1 Rf8 39. Rg7 b5 40. Kg3 Kd5 41. Kf4 c3 42. Bc1 b4 43. Ke3 a4 44. Rg8 Rxf7 45. Ra8 Rf3+ 46. Ke2 Kc4 47. Rxa4 Nb6 48. Ra6 Nd5 0-1


[Site "https://www.chess.com"]

[Event "Titled Tuesday Blitz April 11 Early 2023"]
[White "micke12a"]
[Black "Rom, Jasper"]
[BlackFideId "2023733"]
[WhiteElo "2324"]
[BlackElo "2233"]
[Result "0-1"]
[Round "04"]
[TimeControl "180+2"]
[Date "2023.04.11"]
[WhiteClock "0:00:13"]
[BlackClock "0:00:06"]

1. d4 d5 2. c4 e6 3. Nf3 c6 4. Nc3 dxc4 5. a4 Bb4 6. Qc2 b5 7. axb5 cxb5 8. Bd2 Qb6 9. e3 Bb7 10. b3 Bxc3 11. Qxc3 cxb3 12. Qxb3 a6 13. Ba5 Qc6 14. Ne5 Qd5 15. Qb2 f6 16. Nd3 Nd7 17. Nf4 Qc6 18. Rc1 Qd6 19. Bc7 Qe7 20. Ba5 Rc8 21. Rxc8+ Bxc8 22. Bb4 Qf7 23. Qc2 Ne7 24. Qc7 O-O 25. Qd6 Nd5 26. Nxe6 Nxb4 27. Nxf8 Qxf8 28. Qxf8+ Kxf8 29. Kd2 Ke7 30. f3 Kd6 31. e4 Bb7 32. d5 Kc5 33. Be2 Ne5 34. Rc1+ Nc4+ 35. Ke1 a5 36. d6 Kxd6 37. Bxc4 bxc4 38. Rxc4 Ba6 39. Rd4+ Kc5 40. Rd7 a4 41. Kd2 a3 42. Kc3 Bb5 43. Rc7+ Kb6 44. Rxg7 a2 45. Kb2 Bc4 46. Rd7 Nc2 47. Rd1 a1=Q+ 48. Rxa1 Nxa1 49. Kxa1 Kc5 50. Kb2 Kd4 51. Kc2 Bf1 52. g3 Bg2 53. f4 Kxe4 54. Kd2 Bf3 55. Ke1 f5 56. Kf2 Bg4 57. Kg2 Ke3 58. h3 Bf3+ 59. Kh2 Kf2 60. g4 fxg4 61. hxg4 Bxg4 62. f5 Kf3 63. Kh1 Bxf5 64. Kh2 Kg4 65. Kg2 h5 66. Kh2 h4 67. Kg2 h3+ 68. Kh2 Kh4 69. Kh1 Be4+ 70. Kh2 Kg4 71. Kg1 Kg3 0-1


[Site "https://www.chess.com"]

[Event "Titled Tuesday Blitz April 11 Early 2023"]
[White "Lopez, Henry"]
[Black "crosky"]
[WhiteFideId "5203830"]
[WhiteElo "2177"]
[BlackElo "2311"]
[Result "1-0"]
[Round "04"]
[TimeControl "180+2"]
[Date "2023.04.11"]
[WhiteClock "0:00:38"]
[BlackClock "0:00:24"]

1. d4 Nf6 2. Nf3 e6 3. c4 d5 4. Nc3 Bb4 5. cxd5 exd5 6. Bg5 h6 7. Bxf6 Qxf6 8. e3 c6 9. Bd3 Bf5 10. O-O Bxd3 11. Qxd3 Nd7 12. e4 Bxc3 13. bxc3 O-O 14. e5 Qe6 15. Nd2 c5 16. f4 c4 17. Qc2 f5 18. a4 b6 19. Rfb1 Kh8 20. Qd1 Rg8 21. Qf3 Rab8 22. Rb5 g5 23. Qxd5 Qe7 24. Rf1 gxf4 25. Rxf4 Qg5 26. Rf2 Nf8 27. e6 Ng6 28. Qxf5 Qe3 29. Qf6+ Kh7 30. Rd5 Rb7 31. Rd7+ Rg7 32. Qxg7# 1-0


[Site "https://www.chess.com"]

[Event "Titled Tuesday Blitz April 11 Early 2023"]
[White "Rose, Felix"]
[Black "Shubenkova, Veronika"]
[WhiteFideId "5105722"]
[BlackFideId "44124040"]
[WhiteElo "2039"]
[BlackElo "2027"]
[Result "1-0"]
[Round "04"]
[TimeControl "180+2"]
[Date "2023.04.11"]
[WhiteClock "0:00:05"]
[BlackClock "0:00:15"]

1. e4 e6 2. d4 d5 3. Nc3 Nf6 4. e5 Nfd7 5. f4 c5 6. Nf3 Nc6 7. Be3 cxd4 8. Nxd4 a6 9. Qd2 Bc5 10. O-O-O Nxd4 11. Bxd4 b5 12. h4 Qb6 13. h5 Bb7 14. h6 g6 15. g4 O-O-O 16. Rh3 Kb8 17. Kb1 Rc8 18. Ne2 Rc7 19. Rc3 Rhc8 20. Bxc5 Nxc5 21. Bg2 Na4 22. Rxc7 Rxc7 23. b3 Nc5 24. Nd4 a5 25. f5 a4 26. Qb4 Ba6 27. fxg6 fxg6 28. Bf1 axb3 29. axb3 Ne4 30. Kb2 Nc3 31. Rd3 Ne4 32. Rf3 Rb7 33. Rf8+ Ka7 34. Re8 Qc7 35. Rxe6 Qf7 36. Bd3 Rc7 37. Bxb5 Nc5 38. Rxa6+ Nxa6 39. Bxa6 Kxa6 40. Qb5+ Ka7 41. Nc6+ Rxc6 42. Qxc6 Kb8 43. Qd6+ Kc8 44. e6 Qf6+ 45. Ka2 Qc3 46. Qd7+ Kb8 47. Qb5+ Ka8 48. Qa6+ Kb8 49. Qb6+ Kc8 50. Qa6+ Kd8 51. Qd6+ Kc8 52. Qd7+ Kb8 53. Qxd5 Qxc2+ 54. Ka3 Qc1+ 55. Ka4 Qa1+ 56. Kb5 Qf1+ 57. Kb6 Qf2+ 58. Qc5 Qg3 59. b4 Qf4 60. e7 Qf6+ 61. Kb5 Qxe7 62. Qxe7 Ka8 63. Kb6 Kb8 64. Qb7# 1-0


[Site "https://www.chess.com"]

[Event "Titled Tuesday Blitz April 11 Early 2023"]
[White "Kula, Robert"]
[Black "Vovk, Orest"]
[WhiteFideId "1101218"]
[BlackFideId "14113490"]
[WhiteElo "2180"]
[BlackElo "2215"]
[Result "0-1"]
[Round "04"]
[TimeControl "180+2"]
[Date "2023.04.11"]
[WhiteClock "0:02:07"]
[BlackClock "0:01:35"]

1. d4 h6 2. c4 g5 3. Nc3 Bg7 4. e4 c5 5. d5 Bxc3+ 6. bxc3 d6 7. h4 g4 8. Bd3 Nf6 9. f4 gxf3 10. Nxf3 Qa5 11. Bd2 Nbd7 12. O-O Ng4 13. Bc2 Nde5 14. Ba4+ Bd7 15. Bxd7+ Kxd7 16. Nxe5+ Nxe5 17. Qb3 b6 18. Bf4 f6 19. Bxe5 dxe5 20. Qb5+ Qxb5 21. cxb5 Rhg8 22. Rf5 Rg4 23. Rh5 Rag8 24. Kh1 Rxg2 25. Rxh6 Re2 26. a4 Rxe4 27. a5 Re3 28. axb6 Rh3# 0-1


[Site "https://www.chess.com"]

[Event "Titled Tuesday Blitz April 11 Early 2023"]
[White "Mouhamad, Joachim"]
[Black "Qashashvili, Alexandre"]
[WhiteFideId "656410"]
[BlackFideId "13600842"]
[WhiteElo "2125"]
[BlackElo "2405"]
[Result "0-1"]
[Round "04"]
[TimeControl "180+2"]
[Date "2023.04.11"]
[WhiteClock "0:00:33"]
[BlackClock "0:00:48"]

1. e4 c6 2. d4 d5 3. Nc3 dxe4 4. Nxe4 Nd7 5. Nf3 Ngf6 6. Nxf6+ Nxf6 7. c3 Bf5 8. Ne5 e6 9. g4 Qd5 10. Rg1 Bg6 11. Bg2 Be4 12. f3 Bg6 13. h4 Bd6 14. Bf4 Nd7 15. h5 f6 16. c4 Qa5+ 17. Bd2 Qa6 18. Nxd7 Bg3+ 19. Kf1 Bd3+ 20. Qe2 Bxe2+ 21. Kxe2 Qxc4+ 22. Kd1 Kxd7 23. Bf1 Qa4+ 24. b3 Qxd4 0-1


[Site "https://www.chess.com"]

[Event "Titled Tuesday Blitz April 11 Early 2023"]
[White "Santos Flores, Alberto"]
[Black "Kohler, Aran"]
[WhiteFideId "3601234"]
[BlackFideId "1002856"]
[WhiteElo "2235"]
[BlackElo "2301"]
[Result "1-0"]
[Round "04"]
[TimeControl "180+2"]
[Date "2023.04.11"]
[WhiteClock "0:01:47"]
[BlackClock "0:00:55"]

1. e4 c6 2. d4 d5 3. Nc3 dxe4 4. Nxe4 Bf5 5. Ng3 Bg6 6. h4 h6 7. Nf3 Nd7 8. h5 Bh7 9. Bd3 Ngf6 10. Bxh7 Nxh7 11. Bf4 Qa5+ 12. Bd2 Qc7 13. Qe2 e6 14. Ne4 Be7 15. O-O-O Nhf6 16. Nxf6+ Bxf6 17. g3 c5 18. Bf4 Qb6 19. Ne5 Nxe5 20. Bxe5 cxd4 21. Bxf6 gxf6 22. Qc4 Rd8 23. Rh4 e5 24. f4 Qc6 25. Qe2 Rd5 26. fxe5 fxe5 27. Rhxd4 1-0


[Site "https://www.chess.com"]

[Event "Titled Tuesday Blitz April 11 Early 2023"]
[White "Toncheva, Nadya"]
[Black "Orujov2008"]
[WhiteFideId "2924056"]
[WhiteElo "2101"]
[BlackElo "2300"]
[Result "1-0"]
[Round "04"]
[TimeControl "180+2"]
[Date "2023.04.11"]
[WhiteClock "0:00:36"]
[BlackClock "0:00:01"]

1. e4 e5 2. Nf3 Nf6 3. Nxe5 Nxe4 4. Qe2 Qe7 5. Qxe4 d6 6. d4 dxe5 7. Qxe5 Qxe5+ 8. dxe5 Nc6 9. Bf4 Bf5 10. Bd3 Bxd3 11. cxd3 O-O-O 12. Nc3 Rxd3 13. Ke2 Rd8 14. Rhd1 Nd4+ 15. Kf1 Bc5 16. Ne4 Be7 17. Rac1 Ne6 18. Be3 b6 19. f4 Rxd1+ 20. Rxd1 Rd8 21. Rxd8+ Nxd8 22. Ke2 Kd7 23. Kf3 Ke6 24. Bd4 c5 25. Bc3 Nc6 26. g4 g6 27. Ng3 f5 28. gxf5+ gxf5 29. Nh5 Kf7 30. e6+ Kxe6 31. Ng7+ Kd5 32. Nxf5 Bf8 33. Ne3+ Ke6 34. Ke4 b5 35. f5+ Kf7 36. Kd5 Ne7+ 37. Ke4 b4 38. Be1 Ng8 39. Bh4 Nf6+ 40. Bxf6 Kxf6 41. Nd5+ Kg5 42. Ke5 c4 43. f6 Kg6 44. Ke6 1-0


[Site "https://www.chess.com"]

[Event "Titled Tuesday Blitz April 11 Early 2023"]
[White "Fajdetic, Hrvoje"]
[Black "Erzhanov, Arman"]
[WhiteFideId "14501945"]
[BlackFideId "4138821"]
[WhiteElo "2185"]
[BlackElo "2138"]
[Result "0-1"]
[Round "04"]
[TimeControl "180+2"]
[Date "2023.04.11"]
[WhiteClock "0:00:01"]
[BlackClock "0:01:37"]

1. d4 d6 2. Nc3 e5 3. Nf3 Nd7 4. e4 Ngf6 5. Bc4 Be7 6. O-O O-O 7. a4 a5 8. Ba2 c6 9. Qe2 h6 10. Rd1 Qc7 11. Nh4 exd4 12. Rxd4 Re8 13. Nf5 Bf8 14. Bf4 Ne5 15. Ne3 Qb6 16. Rdd1 Qxb2 17. Qd2 Qb6 18. Nc4 Nxc4 19. Bxc4 Be6 20. Bf1 d5 21. Rab1 Qa7 22. Be3 Qb8 23. exd5 Nxd5 24. Nxd5 Bxd5 25. c4 Be4 26. Rb2 Bb4 27. Qc1 Qe5 28. Bd2 Bd6 29. g3 Ba3 30. Bc3 Bxb2 31. Qxb2 Qh5 32. Be2 Bf3 0-1


[Site "https://www.chess.com"]

[Event "Titled Tuesday Blitz April 11 Early 2023"]
[White "Skaric, Djuro"]
[Black "Minko, Dmitry"]
[WhiteFideId "934569"]
[BlackFideId "24188468"]
[WhiteElo "2282"]
[BlackElo "2147"]
[Result "0-1"]
[Round "04"]
[TimeControl "180+2"]
[Date "2023.04.11"]
[WhiteClock "0:00:46"]
[BlackClock "0:00:07"]

1. g3 d5 2. Bg2 Nf6 3. d3 c5 4. Nf3 Nc6 5. O-O g6 6. Nc3 Bg7 7. e4 dxe4 8. dxe4 O-O 9. h3 h6 10. Be3 c4 11. Qc1 Be6 12. Rd1 Qa5 13. a3 Kh7 14. Nd4 Nxd4 15. Bxd4 Rfd8 16. Qe3 Rac8 17. f4 b6 18. g4 Bxg4 19. Bxf6 Bxd1 20. Bxg7 Kxg7 21. Nxd1 Qd2 22. Qxd2 Rxd2 23. Ne3 Re2 24. Nd5 e6 25. Nc3 Rxc2 26. Rb1 Rd8 27. Bf1 Rdd2 28. Bxc4 Rg2+ 29. Kh1 Rh2+ 30. Kg1 Rxh3 31. f5 exf5 32. exf5 Rhh2 33. fxg6 fxg6 34. Re1 Rhg2+ 35. Kh1 Rh2+ 36. Kg1 h5 37. Re7+ Kh6 38. Re6 h4 39. Bd3 Rhg2+ 40. Kf1 Rcf2+ 41. Ke1 Rxb2 42. Nd1 Rbd2 43. Bf1 Rh2 44. Ne3 Kg5 45. Re4 Ra2 46. Rg4+ Kh5 47. Rf4 Ra1+ 48. Nd1 g5 49. Be2+ Kg6 50. Bd3+ Kh6 51. Rf6+ Kh5 52. Be2+ g4 53. Rf5+ Kg6 54. Bxg4 Rh1+ 55. Kf2 Rhxd1 56. Bxd1 Kxf5 57. Bf3 Rxa3 0-1


[Site "https://www.chess.com"]

[Event "Titled Tuesday Blitz April 11 Early 2023"]
[White "Reprintsev, Alexander"]
[Black "sebastianmarinp"]
[WhiteFideId "14100541"]
[WhiteElo "2211"]
[BlackElo "2292"]
[Result "1-0"]
[Round "04"]
[TimeControl "180+2"]
[Date "2023.04.11"]
[WhiteClock "0:00:19"]
[BlackClock "0:00:02"]

1. e4 e5 2. Nf3 Nc6 3. Bc4 Nf6 4. Ng5 d5 5. exd5 Na5 6. Bb5+ c6 7. dxc6 bxc6 8. Bd3 Nd5 9. h4 f5 10. Nc3 Nf4 11. Bf1 Bc5 12. d3 O-O 13. g3 Nd5 14. Bg2 h6 15. Nh3 f4 16. Ne4 Bb6 17. Bd2 Nb7 18. Qh5 Nc5 19. O-O-O Bf5 20. gxf4 Nf6 21. Nxf6+ Qxf6 22. Bc3 Qe6 23. b3 Bg4 24. Qxe5 Qxe5 25. fxe5 Bxd1 26. Rxd1 Rac8 27. f4 Ne6 28. Bd2 Bd4 29. c3 Bc5 30. d4 Be7 31. h5 Bh4 32. Kc2 Bg3 33. Rf1 Rf7 34. Be4 Rfc7 35. Bf5 Re8 36. Rf3 Bh4 37. Bxe6+ 1-0


[Site "https://www.chess.com"]

[Event "Titled Tuesday Blitz April 11 Early 2023"]
[White "Chernomordik, Pavel"]
[Black "Chabris, Christopher"]
[WhiteFideId "2804530"]
[BlackFideId "2005263"]
[WhiteElo "2193"]
[BlackElo "2276"]
[Result "1-0"]
[Round "04"]
[TimeControl "180+2"]
[Date "2023.04.11"]
[WhiteClock "0:00:09"]
[BlackClock "0:00:03"]

1. e4 c5 2. Nc3 Nc6 3. Bb5 Nd4 4. Bc4 Nf6 5. Nge2 e6 6. O-O a6 7. a4 d6 8. d3 Nc6 9. f4 d5 10. Ba2 dxe4 11. Nxe4 Be7 12. Be3 b6 13. N2g3 Nd4 14. c3 Nc6 15. Nxf6+ Bxf6 16. f5 exf5 17. Nxf5 Bxf5 18. Rxf5 O-O 19. Qf3 Ne5 20. Qg3 Ng6 21. Bd5 Ra7 22. Be4 Re8 23. Raf1 c4 24. Rd5 Qe7 25. Bxb6 Rd7 26. Bc5 Qd8 27. Rxd7 Qxd7 28. Bxg6 hxg6 29. d4 Qxa4 30. h4 Qc2 31. h5 gxh5 32. Rxf6 Qxb2 33. Rf2 Qc1+ 34. Kh2 Re1 35. Qb8+ Kh7 36. Qf4 Rh1+ 37. Kg3 h4+ 38. Kg4 Qd1+ 39. Rf3 1-0


[Site "https://www.chess.com"]

[Event "Titled Tuesday Blitz April 11 Early 2023"]
[White "Coelho, Ramyres Santana"]
[Black "Dudzinski, Pawel"]
[WhiteFideId "2120690"]
[BlackFideId "1117890"]
[WhiteElo "1888"]
[BlackElo "2099"]
[Result "1-0"]
[Round "04"]
[TimeControl "180+2"]
[Date "2023.04.11"]
[WhiteClock "0:00:14"]
[BlackClock "0:00:13"]

1. e4 c6 2. d4 d5 3. e5 c5 4. c3 Nc6 5. f4 h5 6. Nf3 Bg4 7. Be3 Qb6 8. Qd2 Bxf3 9. gxf3 cxd4 10. Bxd4 Nxd4 11. cxd4 e6 12. Nc3 a6 13. a3 Rc8 14. Bh3 Ne7 15. O-O Nc6 16. Nxd5 Qxd4+ 17. Qxd4 Nxd4 18. Nc3 Bc5 19. Kh1 Ke7 20. Ne4 Rhd8 21. b4 Ba7 22. Nd6 Rc7 23. Rad1 Rxd6 24. exd6+ Kxd6 25. f5 e5 26. f4 e4 27. Rfe1 Rc3 28. Bg2 e3 29. Bxb7 Rxa3 30. Be4 e2 31. Rxe2 Kc7 32. Rc1+ Kb8 33. Rb2 Re3 34. Bg2 Nxf5 35. Rbc2 Bb6 36. Rc8+ Ka7 37. Ra8# 1-0


[Site "https://www.chess.com"]

[Event "Titled Tuesday Blitz April 11 Early 2023"]
[White "Levitan, Caleb Levi"]
[Black "Omariev, Maksim"]
[WhiteFideId "14332620"]
[BlackFideId "4193423"]
[WhiteElo "1963"]
[BlackElo "2464"]
[Result "1-0"]
[Round "04"]
[TimeControl "180+2"]
[Date "2023.04.11"]
[WhiteClock "0:00:05"]
[BlackClock "0:00:01"]

1. e4 c5 2. Nf3 d6 3. d4 cxd4 4. Qxd4 a6 5. c4 Nc6 6. Qd1 Nf6 7. Nc3 g6 8. Be2 Bg7 9. O-O O-O 10. h3 Be6 11. Be3 Rc8 12. Qd2 Re8 13. Rac1 Qa5 14. Rfd1 b5 15. cxb5 axb5 16. Bxb5 Nxe4 17. Nxe4 Qxb5 18. b3 Nb4 19. Nd4 Bxd4 20. Bxd4 Rxc1 21. Rxc1 Qd3 22. Nf6+ exf6 23. Qxb4 Qe4 24. Re1 Qd5 25. Bxf6 Rc8 26. Qf4 Qf5 27. Qxf5 Bxf5 28. Rd1 Rc6 29. Be7 Kg7 30. Bxd6 Bc2 31. Rd2 Bb1 32. Be5+ f6 33. Bb2 Bxa2 34. Bxf6+ Kxf6 35. Rxa2 Rc1+ 36. Kh2 Rb1 37. Ra3 h5 38. Kg3 g5 39. h4 gxh4+ 40. Kxh4 Rb2 41. Kxh5 Rxf2 42. g3 Rg2 43. Kg4 Rb2 44. Ra6+ Ke5 45. Rb6 Rb1 46. Rb8 Kd6 47. Kg5 Kc7 48. Rb4 Kd7 49. g4 Ke7 50. Kg6 Kf8 51. g5 Rd1 52. Rb8+ Ke7 53. Kg7 Rd7 54. g6 Ke6+ 55. Kh8 Kf6 56. g7 Rxg7 57. Rb6+ Kf7 58. Rb7+ 1-0


[Site "https://www.chess.com"]